 Dungeon Crawl Stone Soup version 0.29-a0-613-gf2c431b (webtiles) character file.

Game seed: 2355736706858150587

14424 Illumine the Cleaver (level 11, -1/153 HPs)
             Began as a Minotaur Fighter on June 16, 2022.
             Was a Priest of Makhleb.
             Slain by a black bear (2 damage)
             ... on level 11 of the Dungeon.
             The game lasted 00:07:23 (10271 turns).

Illumine the Cleaver (Minotaur Fighter)            Turns: 10271, Time: 00:07:24

Health: -1/153     AC: 25    Str: 25    XL:     11   Next: 88%
Magic:  0/13       EV:  2    Int:  5    God:    Makhleb [***...]
Gold:   564        SH:  9    Dex: 10    Spells: 10/10 levels left

rFire   . . .      SeeInvis .   d - +2 hand axe (elec)
rCold   . . .      Faith    .   M - +0 kite shield
rNeg    . . .      Spirit   +   (body armour currently unavailable)
rPois   +          Reflect  .   (helmet currently unavailable)
rElec   .          Harm     .   (cloak currently unavailable)
rCorr   .          Rampage  .   (gloves currently unavailable)
Will    .....      NoTele   +   (boots currently unavailable)
Stlth   +.........              q - amulet of guardian spirit
HPRegen 0.35/turn               n - +4 ring of slaying
MPRegen 0.13/turn               E - ring of poison resistance

@: tree-form
A: stationary, stasis, torment immunity, boosted hp, (horns 2), (retaliatory
headbutt)
a: Renounce Religion, Minor Destruction, Lesser Servant of Makhleb


You were on level 11 of the Dungeon.
You worshipped Makhleb.
Makhleb was most pleased with you.
You were a tree.
You visited 2 branches of the dungeon, and saw 12 of its levels.

You collected 564 gold pieces.

Inventory:

Hand Weapons
 a - a +0 war axe
 d - a +2 hand axe of electrocution (weapon)
 N - a +2 hand axe of flaming
Missiles
 k - 16 poisoned darts (quivered)
 C - 3 throwing nets
 D - 3 javelins
 H - 4 silver javelins
Armour
 b - a +0 scale mail
 c - a +0 buckler
 f - a +0 pair of gloves (melded)
 m - a +0 plate armour (melded)
 M - a +0 kite shield (worn)
Jewellery
 h - a ring of wizardry
 n - a +4 ring of slaying (left branch)
 p - a ring of fire
 q - an amulet of guardian spirit (around neck)
 x - a ring of resist corrosion
 E - a ring of poison resistance (right branch)
 G - an amulet of faith
Wands
 w - a wand of flame (9)
 A - a wand of acid (23)
 F - a wand of mindburst (22)
 I - a wand of paralysis (2)
 J - a wand of iceblast (4)
Scrolls
 e - 5 scrolls of teleportation
 j - 2 scrolls of enchant armour
 r - 3 scrolls of fog {unknown}
 u - 3 scrolls of immolation {unknown}
 v - a scroll of blinking {unknown}
 y - 2 scrolls of fear {unknown}
 z - 2 scrolls of magic mapping {unknown}
 K - 2 scrolls of identify
Potions
 g - a potion of magic
 i - 5 potions of curing
 o - 2 potions of berserk rage {unknown}
 s - a potion of brilliance {unknown}
 t - a potion of ambrosia {unknown}
 B - a potion of mutation {unknown}
 L - a potion of resistance


   Skills:
 + Level 11.3 Fighting
 - Level 14.0 Axes
 + Level 11.1 Armour
 - Level 5.0 Dodging
 + Level 6.3 Shields
 + Level 4.4 Invocations
 + Level 4.1 Evocations


You had 10 spell levels left.
You didn't know any spells.
Your spell library contained the following spells:

 Spells                   Type           Power      Damage    Failure   Level
 Apportation              Tloc           0%         N/A       82%         1
 Magic Dart               Conj           0%         1d3       82%         1
 Necrotize                Necr           0%         1d4       82%         1
 Summon Small Mammal      Summ           0%         N/A       82%         1
 Searing Ray              Conj           0%         2d4       91%         2
 Call Canine Familiar     Summ           0%         N/A       99%         3
 Conjure Flame            Conj/Fire      0%         6-21      99%         3
 Gell's Gravitas          Tloc           0%         N/A       99%         3
 Ignite Poison            Fire/Tmut/Pois 0%         N/A       99%         3
 Lesser Beckoning         Tloc           0%         N/A       99%         3
 Portal Projectile        Hex/Tloc       0%         N/A       99%         3
 Summon Guardian Golem    Hex/Summ       0%         N/A       99%         3
 Teleport Other           Tloc           0%         N/A       99%         3
 Tukima's Dance           Hex            0%         N/A       99%         3
 Vampiric Draining        Necr           0%         2d6       99%         3
 Fulminant Prism          Conj/Hex       0%         3d6       100%        4
 Passage of Golubria      Tloc           0%         N/A       100%        4
 Sticky Flame             Conj/Fire      0%         2d3       100%        4
 Agony                    Necr           0%         N/A       100%        5
 Blade Hands              Tmut           0%         N/A       100%        5
 Yara's Violent Unravell  Hex/Tmut       0%         3d3       100%        5


Dungeon Overview and Level Annotations

Branches:
Dungeon (11/15)            Temple (1/1) D:7            Lair (0/6) D:11
    Orc (0/2) D:9

Altars:
Cheibriados
Dithmenos
Elyvilon
Fedhas
Kikubaaqudgha
Makhleb
Nemelex Xobeh
Okawaru
Qazlal
Ru
Sif Muna
Trog
Uskayaw
Vehumet
Wu Jian
Xom
Yredelemnul
Zin
The Shining One

Annotations:
D:8 2 transporters, edsrzf's ghost, novice DjBe


Innate Abilities, Weirdness & Mutations

You are a tree.
Your roots penetrate the ground, keeping you stationary.
You cannot be teleported.
You are immune to unholy pain and torment.
Your maximum health is greatly increased.
Your equipment is partially melded.
((You have a pair of horns on your head.))
((You reflexively headbutt those who attack you in melee.))


Message History

* * * LOW HITPOINT WARNING * * *
The black bear claws you.
* * * LOW HITPOINT WARNING * * *
The black bear claws you but does no damage.
You hit something. You hit the vampire mosquito. You closely miss the wraith.
You barely miss the black bear.
The vampire mosquito bites you but does no damage. x2
The wraith hits you but does no damage.
The shadow slips into darkness.
The shadow flickers and vanishes!
The black bear bites you but does no damage.
The black bear claws you.
* * * LOW HITPOINT WARNING * * *
The black bear claws you but does no damage.
Something hits you.
* * * LOW HITPOINT WARNING * * *
Something bites you but does no damage.
Okay, then.
You are too confused!
Unknown command.
Okay, then.
You feel better.
The vampire mosquito bites you but does no damage.
You block the vampire mosquito's attack.
The wraith hits you but does no damage. Something draws life force from you!
* * * LOW HITPOINT WARNING * * *
The black bear bites you but does no damage.
The black bear claws you but does no damage. x2
You cannot move.
You miss something. You slash the black bear!
You hit the wraith but do no damage. You hit the vampire mosquito.
The vampire mosquito bites you but does no damage.
Unknown command.
You closely miss the vampire mosquito.
The vampire mosquito is almost destroyed.
You barely miss something. You hit the black bear. You slash the wraith!
Lightning courses through the wraith!
The vampire mosquito bites you but does no damage.
You block the black bear's attack. The black bear claws you.
You die...

##..........###.......
#).........##..........
#..........##..........
#........†.##..........
#.........(##...?...>..
........................
######.#####............
#.# #.#..†W...... #.#
#.##.♣h......
#.##.y{......
#.###......P. #.#
#........ #.# ##.......
#} ....... ##..... .####


You could see a wraith, a black bear and a vampire mosquito.

Vanquished Creatures
  Harold (D:9)
  Erica (D:11)
  2 two-headed ogres
  A gargoyle (D:11)
  A komodo dragon (D:11)
  Psyche (D:9)
  2 trolls
  Prince Ribbit (D:8)
  4 shadows (D:10)
  2 wraiths (D:10)
  10 yaks
  3 steam dragons
  An acid dragon (D:10)
  5 vampire mosquitoes
  2 swamp worms (D:7)
  7 water moccasins
  5 orc warriors
  2 sky beasts (D:6)
  3 black bears
  3 ice beasts
  4 centaurs
  A phantom (D:6)
  3 kobold brigands
  A necrophage (D:6)
  5 bullfrogs
  A gnoll sergeant (D:9)
  2 scorpions (D:6)
  4 wights (D:8)
  22 killer bees
  An electric eel (D:9)
  6 centaur zombies (D:10)
  5 orc priests
  6 hounds
  A jelly (D:5)
  A gnoll shaman (D:6)
  Jessica (D:3)
  6 iguanas
  8 orc wizards
  6 gnolls
  4 adders
  2 shadow imps (D:7)
  A white imp (D:6)
  A worm (D:3)
  31 orcs
  A ball python (D:4)
  5 endoplasms
  6 giant cockroaches
  A goblin (D:4)
  A hobgoblin (D:4)
  3 quokkas
  12 kobolds
  3 rats
212 creatures vanquished.

Vanquished Creatures (others)
  69 fungi (D:11)
  43 plants
  2 withered plants (D:10)
114 creatures vanquished.

Grand Total: 326 creatures vanquished

Notes
Turn   | Place    | Note
-------+----------+-------------------------------------------
     0 | D:1      | Illumine the Minotaur Fighter began the quest for the Orb.
     0 | D:1      | Reached XP level 1. HP: 19/19 MP: 0/0
    96 | D:2      | You fall into a shaft and drop 1 floor!
   672 | D:3      | Reached XP level 2. HP: 25/27 MP: 1/1
   697 | D:3      | Noticed Jessica
   700 | D:3      | Killed Jessica
   701 | D:3      | Reached skill level 3 in Axes
   701 | D:3      | Reached XP level 3. HP: 32/33 MP: 2/2
  1339 | D:4      | Reached skill level 4 in Axes
  1339 | D:4      | Reached XP level 4. HP: 29/41 MP: 3/3
  1852 | D:5      | Entered Level 5 of the Dungeon
  1861 | D:5      | Reached XP level 5. HP: 26/47 MP: 4/4
  2047 | D:5      | Found a glowing drain.
  2062 | D:5      | Reached skill level 5 in Axes
  2065 | D:5      | Reached skill level 5 in Fighting
  2209 | D:5      | Reached XP level 6. HP: 56/56 MP: 5/5
  2235 | D:5      | Reached skill level 6 in Axes
  2273 | D:5      | Reached skill level 5 in Armour
  2383 | D:5      | Noticed a water moccasin
  2391 | D:5      | Killed a water moccasin
  2395 | D:5      | Reached XP level 7. HP: 10/62 MP: 1/6
  2401 | D:5      | Reached skill level 7 in Axes
  3614 | D:6      | Reached skill level 8 in Axes
  3674 | D:6      | Reached XP level 8. HP: 71/71 MP: 7/7
  3753 | D:6      | Found an ornate altar of the Wu Jian Council.
  3756 | D:6      | Found a shimmering blue altar of Sif Muna.
  3836 | D:6      | Reached skill level 9 in Axes
  4639 | D:7      | Reached skill level 10 in Axes
  4862 | D:7      | Found a staircase to the Ecumenical Temple.
  4877 | D:7      | Reached XP level 9. HP: 64/81 MP: 6/8
  4885 | Temple   | Entered the Ecumenical Temple
  5103 | Temple   | Became a worshipper of Makhleb the Destroyer
  5368 | D:7      | Reached skill level 1 in Dodging
  5900 | D:8      | Reached skill level 11 in Axes
  6107 | D:8      | Noticed a manticore
  6111 | D:8      | Found a transporter.
  6111 | D:8      | Noticed edsrzf's ghost (novice DjBe)
  6111 | D:8      | Noticed a troll
  6128 | D:8      | Found a transporter.
  6217 | D:8      | Reached * piety under Makhleb
  6709 | D:8      | Noticed Prince Ribbit
  6721 | D:8      | Killed Prince Ribbit
  7072 | D:9      | Reached skill level 12 in Axes
  7205 | D:9      | Reached XP level 10. HP: 66/91 MP: 5/9
  7677 | D:9      | Noticed Psyche
  7692 | D:9      | Killed Psyche
  7778 | D:9      | Noticed Harold
  7799 | D:9      | Killed Harold
  7800 | D:9      | Reached skill level 13 in Axes
  7896 | D:9      | Reached skill level 5 in Dodging
  7958 | D:9      | Found a staircase to the Orcish Mines.
  8396 | D:10     | Entered Level 10 of the Dungeon
  8408 | D:10     | Reached ** piety under Makhleb
  8409 | D:10     | Reached skill level 10 in Fighting
  8409 | D:10     | Reached skill level 1 in Invocations
  8453 | D:10     | Reached skill level 1 in Evocations
  8458 | D:10     | Reached skill level 10 in Armour
  8458 | D:10     | Found an ancient bone altar of Kikubaaqudgha.
  8729 | D:10     | Reached XP level 11. HP: 97/100 MP: 11/11
  9363 | D:10     | Reached skill level 14 in Axes
  9599 | D:11     | Noticed a two-headed ogre
  9611 | D:10     | Killed a two-headed ogre
  9612 | D:10     | Reached skill level 5 in Shields
  9820 | D:11     | Noticed a two-headed ogre
  9826 | D:11     | Killed a two-headed ogre
  9839 | D:11     | Reached *** piety under Makhleb
 10187 | D:11     | Noticed Erica
 10199 | D:11     | Killed Erica
 10241 | D:11     | Found a staircase to the Lair.
 10267 | D:11     | HP: 7/153 [black bear (1)]
 10268 | D:11     | HP: 2/153 [something (3)]
 10271 | D:11     | Slain by a black bear

Illustrated notes

Levels and vault maps discovered:
D:1:      dpeg_arrival_castle, layout_basic,
          dreamdust_ecumenical_altar_sealed_demon, lemuel_another_geyser
D:2:      layout_basic, minmay_misc_feat_chi
D:3:      layout_loops_corners, uniq_jessica
D:4:      layout_basic, kennysheep_dice
D:5:      layout_basic, portal_sewer_entry_f
D:6:      layout_basic, nicolae_overflow_squiral
D:7:      layout_cave_pools, minmay_temple_entry_overgrown, worms_lemuel
D:8:      layout_loops_cross, gammafunk_ghost_arena, minmay_misc_feat_five,
          st_stairs_5, nicolae_elevator_lobby_asterisk, uniq_prince_ribbit1
D:9:      layout_cave_pods, orc_0_dummy, water_boxes_lemuel, uniq_harold,
          uniq_psyche
D:10:     layout_loops_ring, lemuel_tele_altar, serial_undead, serial_undead_a,
          serial_undead_c, serial_undead_b, serial_undead_b
D:11:     layout_small_grid, due_lair_maze_entry_diamond, gammafunk_ghost_smash,
          minmay_starry_boxes, uniq_amaemon, uniq_erica
Temple:   mainiacjoe_temple_bowtie_tessellation

Skill      XL: |  1  2  3  4  5  6  7  8  9 10 11 |
---------------+----------------------------------+-----
Fighting       | 4 5 6 8 9 10 11 | 11.3
Axes           | 3 4 5 6 8 10 12 13 14 | 14.0
Shields        | 4 6 |  6.3
Armour         | 4 5 6 7 9 10 11 | 11.1
Dodging        | 3 5 |  5.0
Invocations    | 2 4 |  4.4
Evocations     | 1 4 |  4.1

Action                   |  1- 3 |  4- 6 |  7- 9 | 10-12 || total
-------------------------+-------+-------+-------+-------++-------
Melee: War axe           |    29 |    67 |    53 |       ||   149
       Headbutt          |     4 |    10 |    34 |    51 ||    99
       Hand axe          |       |       |   154 |   281 ||   435
  Use: Potion            |       |     1 |     1 |     3 ||     5
       Scroll            |       |       |     5 |     2 ||     7
Armor: Scale mail        |     8 |     3 |       |       ||    11
       Plate armour      |       |    52 |   120 |   147 ||   319
       Skin              |       |       |       |    34 ||    34
Dodge: Dodged            |    14 |    27 |    51 |    85 ||   177
Block: Buckler           |     4 |    20 |    41 |    24 ||    89
       Kite shield       |       |       |       |    60 ||    60

Table legend: (Time is in decaauts)
 A = Elapsed time spent in this place.
 B = Non-inter-level travel time spent in this place.
 C = Inter-level travel time spent in this place.
 D = Time resting spent in this place.
 E = Time spent auto-exploring this place.
 F = Levels seen in this place.
 G = Mean time per level.
                   A        B        C        D        E       F      G
               +--------+--------+--------+--------+--------+-----+--------+
         Total |  10217 |   9945 |    272 |    284 |   8373 |  12 |  851.4 |
       Dungeon |   9967 |   9724 |    243 |    284 |   8172 |  11 |  906.1 |
        Temple |    250 |    222 |     28 |      0 |    201 |   1 |  250.0 |
               +--------+--------+--------+--------+--------+-----+--------+

Top non-repeatable levels by time:
     D:9: 1468 daAuts
     D:6: 1445 daAuts
    D:10: 1420 daAuts
     D:5: 1341 daAuts
     D:3: 1142 daAuts
     D:8: 1112 daAuts
     D:7: 922 daAuts
     D:4: 629 daAuts
    D:11: 384 daAuts
  Temple: 250 daAuts
     D:1: 99 daAuts
